 Dungeon Crawl Stone Soup version 0.30-a0-738-g116ff8c4af (webtiles) character file.

Game seed: 2201752593052188930

218011 Hubris850 the Spear-Bearer (level 18, -5/140 HPs)
             Began as a Grey Draconian Ice Elementalist on Feb 1, 2023.
             Was the Champion of Hepliaklqana.
             Slain by Polyphemus (13 damage)
             ... while petrified by a catoblepas
             ... on level 2 of the Shoals on Feb 3, 2023.
             The game lasted 02:18:56 (31871 turns).

Hubris850 the Spear-Bearer (DrIE)                  Turns: 31871, Time: 02:18:57

Health: -5/140     AC: 24    Str: 11 (12) XL:     18   Next: 40%
Magic:  32/32      EV:  2    Int: 24      God:    Hepliaklqana [******]
Gold:   2556       SH:  0    Dex: 13      Spells: 6/37 levels left

rFire   . . .      SeeInvis .    r - +9 trident "Peharphu" {heavy, Drain Int+5}
rCold   . . .      Faith    .    K - +4 kite shield
rNeg    + + +      Spirit   .    (body armour unavailable)
rPois   ∞          Reflect  .    N - +1 hat of Qazlal's Inspiration {+Inv Regen+ Int-2}
rElec   .          Harm     .    u - +1 cloak
rCorr   .          Rampage  .    m - +2 pair of gloves
Will    +....                    l - +2 pair of boots
Stlth   ++                       D - amulet of regeneration
HPRegen 2.03/turn                h - +5 ring of evasion
MPRegen 0.23/turn                L - +5 ring of evasion

@: petrified, flying, studying 2 skills
A: reduced essence, AC +15, amphibious, unfitting armour, cold-blooded, big
wings, talons 1, deterioration 1
}: 1/15 runes: serpentine
a: Renounce Religion, Evoke Invisibility, Recall Ancestor, Ancestor Identity,
Transference, Idealise


You were on level 2 of the Shoals.
You worshipped Hepliaklqana.
Hepliaklqana was exalted by your worship.
You visited 5 branches of the dungeon, and saw 28 of its levels.
You also visited: Ossuary.

You collected 2976 gold pieces.
You spent 420 gold pieces at shops.

Inventory:

Hand Weapons
 r - the +9 trident "Peharphu" (weapon) {heavy, Drain Int+5}
   (You found it on level 11 of the Dungeon)

   Int:       It affects your intelligence (+5).
   Drain:     It drains your maximum health when unequipped.
 E - the +11 spear of False Accusations {flame, rN+ rCorr}
   (You found it on level 5 of the Dungeon)

   rN:        It protects you from negative energy.
   rCorr:     It protects you from acid and corrosion.
Missiles
 a - 6 boomerangs of dispersal
 g - a silver javelin
 q - 2 curare-tipped darts
 w - 46 poisoned darts
 x - 6 boomerangs (quivered)
 H - 2 throwing nets
 M - 2 silver boomerangs
 O - 12 javelins
Armour
 l - a +2 pair of boots (worn)
 m - a +2 pair of gloves (worn)
 s - a +2 buckler of protection
 u - a +1 cloak (worn)
 K - a +4 kite shield (worn)
 N - the +1 hat of Qazlal's Inspiration (worn) {+Inv Regen+ Int-2}
   (You found it on level 1 of the Snake Pit)

   Int:       It affects your intelligence (-2).
   +Inv:      It lets you turn invisible.
   Regen:     It increases your rate of health regeneration.
Magical Staves
 X - a staff of earth
Jewellery
 f - an amulet of magic regeneration
 h - a +5 ring of evasion (left hand)
 n - a ring of poison resistance
 D - an amulet of regeneration (around neck)
 L - a +5 ring of evasion (right hand)
Wands
 c - a wand of charming (16)
 e - a wand of polymorph (7)
 z - a wand of digging (9)
 A - a wand of roots (13)
 P - a wand of flame (55)
Scrolls
 b - a scroll of summoning
 d - 3 scrolls of fog
 i - 7 scrolls of teleportation
 o - 2 scrolls of poison
 p - 7 scrolls of blinking
 y - 2 scrolls of silence
 J - a scroll of fear
 Z - 2 scrolls of magic mapping
Potions
 j - 5 potions of haste
 k - 5 potions of resistance
 t - 6 potions of heal wounds
 v - 21 potions of curing
 B - a potion of magic
 C - a potion of brilliance
 F - 6 potions of ambrosia
 G - 2 potions of invisibility
 R - a potion of might
Miscellaneous
 I - a lightning rod (4/4)


   Skills:
 + Level 12.7 Fighting
 - Level 14.0 Polearms
 - Level 10.0 Throwing
 + Level 11.7 Dodging
 - Level 4.0 Stealth
 + Level 8.9 Shields
 - Level 10.4 Spellcasting
 - Level 10.7 Summonings
 - Level 3.0 Translocations
 - Level 8.9 Transmutations
 - Level 7.2 Ice Magic
 - Level 12.1 Earth Magic
 - Level 12.0 Invocations
 - Level 5.0 Evocations


You had 6 spell levels left.
You knew the following spells:

 Your Spells              Type           Power      Damage    Failure   Level
a - Freeze                Ice            100%       1d10      1%          1
b - Frozen Ramparts       Ice            94%        1d15      1%          3
c - Ozocubu's Armour      Ice            47%        N/A       1%          3
d - Summon Ice Beast      Ice/Summ       53%        N/A       3%          4
e - Call Canine Familiar  Summ           59%        N/A       1%          3
f - Summon Cactus Giant   Summ           29%        N/A       22%         6
g - Lee's Rapid Deconstr  Erth           31%        3d16*     2%          5
h - Statue Form           Tmut/Erth      38%        N/A       24%         6

Your spell library contained the following spells:

 Spells                   Type           Power      Damage    Failure   Level
 Summon Small Mammal      Summ           100%       N/A       1%          1
 Call Imp                 Summ           59%        N/A       1%          2
 Wereblood                Tmut           53%        N/A       1%          2
 Petrify                  Tmut/Erth      58%        N/A       1%          4
 Ensorcelled Hibernation  Hex/Ice        58%        N/A       4%          2
 Summon Guardian Golem    Hex/Summ       38%        N/A       4%          3
 Blink                    Tloc           52%        N/A       5%          2
 Lesser Beckoning         Tloc           52%        N/A       5%          2
 Spider Form              Tmut/Pois      33%        N/A       6%          3
 Momentum Strike          Conj/Tloc      38%        3d9       10%         2
 Leda's Liquefaction      Hex/Erth       20%        N/A       10%         4
 Magic Dart               Conj           48%        1d5       12%         1
 Necrotise                Necr           48%        1d6       12%         1
 Scorch                   Fire           24%        2d6       19%         2
 Sublimation of Blood     Necr           12%        N/A       19%         2
 Mephitic Cloud           Conj/Pois/Air  12%        N/A       34%         3
 Vampiric Draining        Necr           12%        2d6       34%         3
 Passage of Golubria      Tloc           26%        N/A       34%         4
 Irradiate                Conj/Tmut      16%        3d17      47%         5
 Anguish                  Hex/Necr       6%         N/A       75%         4
 Flame Wave               Conj/Fire      12%        2d6       75%         4
 Agony                    Necr           12%        N/A       97%         5
 Silence                  Hex/Air        6%         N/A       97%         5
 Summon Hydra             Summ           29%        N/A       77%         7
 Enfeeble                 Hex            6%         N/A       100%        7
 Lehudib's Crystal Spear  Conj/Erth      20%        10d6      100%        8


Dungeon Overview and Level Annotations

Branches:
Dungeon (15/15)            Temple (0/1) D:6            Lair (5/5) D:10
 Shoals (2/4) Lair:2        Snake (4/4) Lair:3        Slime (0/5) Lair:5
    Orc (2/2) D:12            Elf (0/3) Orc:2        Vaults (0/5) D:13
 Depths (0/4) D:15        Ossuary (visited)

Altars:
Dithmenos
Hepliaklqana
Kikubaaqudgha
Makhleb
Nemelex Xobeh
Okawaru
Sif Muna
Uskayaw
Yredelemnul
Jiyva

Shops:
Orc:2 ?[?   Snake:1 =

Annotations:
D:9 3 transporters
Shoals:2 Polyphemus
Snake:4 2 transporters, Roxanne; wormed's ghost, adept DsFE


Innate Abilities, Weirdness & Mutations

Your life essence is reduced to manifest your ancestor. (-10% HP)
Your dull iron-grey scales are very hard. (AC +15)
You are amphibious.
You cannot fit into any form of body armour.
You are cold-blooded and may be slowed by cold attacks.
Your large and strong wings let you fly.
You have sharp toenails.
Your body sometimes deteriorates upon taking damage.


Message History

The catoblepas gores you!
The death yak gores you but does no damage.
Ozymandius hits the death yak with a +0 quarterstaff!
The catoblepas breathes a plume of calcifying dust at you.
The blast of calcifying dust hits you.
The death yak gores you but does no damage.
The death yak gores you. Polyphemus hits you!
Polyphemus hits you but does no damage.
You are engulfed in calcifying dust.
Ozymandius hits the death yak with a +0 quarterstaff!
The catoblepas gores you!!
The death yak gores Ozymandius.
The death yak gores you!
Polyphemus hits you but does no damage. x2
You are engulfed in calcifying dust.
Ozymandius hits the death yak with a +0 quarterstaff!!
The death yak gores you but does no damage.
Polyphemus hits you!! Polyphemus hits you! The catoblepas gores you!
* * * LOW HITPOINT WARNING * * *
The death yak gores Ozymandius!
You are engulfed in calcifying dust.
Ozymandius points at the catoblepas and mumbles some strange words.
The stone arrow hits the death yak!
The death yak dies!
The catoblepas snuffles in challenge.
The catoblepas gores you!
* * * LOW HITPOINT WARNING * * *
The death yak gores you but does no damage.
Polyphemus hits you but does no damage. x2
You are engulfed in calcifying dust.
The death yak gores you!
* * * LOW HITPOINT WARNING * * *
Polyphemus hits you!!
* * * LOW HITPOINT WARNING * * *
Polyphemus hits you!
* * * LOW HITPOINT WARNING * * *
The catoblepas gores you but does no damage.
You are engulfed in calcifying dust.
Ozymandius hits the catoblepas with a +0 quarterstaff!
The catoblepas misses Ozymandius.
The death yak gores you.
* * * LOW HITPOINT WARNING * * *
Polyphemus hits you!!
You die...

~~~~~.##.?~~..
~~~~~.#.~~~~~..~~~
~~~~~.....~~..~)~~~
~~~~~~~...^~~).~~~~
.~~~~~~....~≈~~~~~~
~~~~~~~..#.~≈≈..~~~
~....~~.Y##~≈~..~~~
~~.<.~C@R#.†....~~~
~..##..~Y.<.~.....~
#..~~~..)...##.
~~~§~~~~~~)...#
~~~~~~.>~~~.....~~~
~~~)~~~~~~.~~..~~~≈
.~~<~~~~~~~~~.~~~~≈
#~~~~~~~~~~~~~~~~≈≈
~~~~~~~~~~~~~~≈≈≈


You could see the friendly Ozymandius the battlemage, Polyphemus, a death yak
and a catoblepas (distracted, ally target).

Vanquished Creatures
  Vashnia (Snake:2)
  3 nagarajas
  An azure jelly (D:15)
  An orc warlord (Orc:1)
  The ghost of epsilonplus the Tortoise, a journeyman TeHu of Ru (Snake:1)
  An ettin (D:12)
  A deep elf high priest (D:12)
  4 vault guards (D:13)
  A fire dragon (Lair:5)
  4 nameless horrors
  4 hydras (Lair:5)
  4 ogre magi
  A salamander tyrant (Snake:3)
  The ghost of Tausiryd the Cruncher, a journeyman DsMo of Nemelex Xobeh (Orc:1)
  5 centaur warriors
  2 death knights (D:15)
  An alligator snapping turtle (Shoals:2)
  10 anacondas
  2 boulder beetles
  20 two-headed ogres
  3 death yaks
  7 naga sharpshooters
  8 naga warriors
  4 orc high priests (Orc:2)
  Sonja (Lair:4)
  13 shock serpents
  A fire crab (Lair:5)
  6 skeletal warriors
  4 salamander mystics
  5 sea snakes
  7 naga ritualists
  A lindwurm (Snake:4)
  A phantasmal warrior (D:15)
  A wolf spider zombie (D:15)
  A wizard (D:15)
  4 deep elf pyromancers
  3 orc knights (Orc:2)
  3 deep elf zephyrmancers (Orc:2)
  5 orc sorcerers
  A faun (Shoals:2)
  5 manticores
  2 ugly things (D:11)
  8 mana vipers
  10 salamanders
  8 cyclopes
  A merfolk siren (Shoals:1)
  5 guardian serpents
  34 black mambas
  9 naga magi
  3 molten gargoyles (Lair:5)
  2 kobold demonologists (D:11)
  A torpor snail (Lair:5)
  6 cane toads
  11 komodo dragons
  Psyche (D:9)
  4 freezing wraiths
  3 tengu conjurers
  2 rime drakes
  4 trolls
  2 merfolk
  A queen bee (D:11)
  A polar bear (Lair:5)
  8 dream sheep
  5 blink frogs
  A blink frog (shapeshifter) (D:15)
  3 slime creatures (D:14)
  2 shadows (D:11)
  2 wraiths
  4 water elementals
  4 basilisks
  4 wyverns
  45 yaks
  6 vampire mosquitoes
  A steam dragon (Lair:5)
  4 wargs
  24 nagas
  3 acid dragons
  12 water moccasins
  2 hell hounds (Lair:5)
  11 orc warriors
  2 ice beasts
  2 black bears (D:10)
  A sky beast (D:7)
  An ogre (shapeshifter) (D:11)
  7 ogres
  17 wolves
  9 centaurs
  5 kobold brigands
  2 gnoll sergeants
  8 bullfrogs
  A wight (D:9)
  The ghost of Valagong the Covered, a weakling MiFi (D:3)
  31 killer bees
  2 vampire bats (Lair:1)
  A howler monkey (D:9)
  9 electric eels
  A lava snake (Lair:5)
  A hound (D:5)
  Crazy Yiuf (D:5)
  3 gnoll boudas
  6 orc priests
  5 jellies
  An iguana (D:5)
  17 orc wizards
  A boggart simulacrum (D:14)
  9 mummies (Ossuary)
  17 gnolls
  7 adders
  A white imp (D:6)
  An ufetubus (D:4)
  3 worms
  27 orcs
  2 ball pythons
  13 bats
  5 endoplasms
  3 giant cockroaches
  2 goblins
  12 hobgoblins
  15 kobolds
  6 quokkas
  A ball python zombie (D:3)
  3 frilled lizards
  2 gnoll skeletons (Ossuary)
  A goblin skeleton (Ossuary)
  A kobold skeleton (Ossuary)
  2 orc skeletons (Ossuary)
  4 rats
  9 rat skeletons (Ossuary)
  A butterfly (Lair:1)
693 creatures vanquished.

Vanquished Creatures (collateral kills)
  Gastronok (D:8)
  3 nagarajas
  The ghost of Sopaerr the Warrior, a journeyman MiBe of Trog (Snake:3)
  Aizul (Snake:1)
  A merfolk impaler (Shoals:1)
  A merfolk javelineer (Shoals:1)
  2 hydras
  2 salamander tyrants (Snake:2)
  2 catoblepae (Lair:4)
  2 merfolk aquamancers (Shoals:1)
  8 anacondas
  2 boulder beetles
  4 two-headed ogres
  2 death yaks
  5 naga warriors
  5 naga sharpshooters
  A shock serpent (Snake:4)
  2 salamander mystics
  A skeletal warrior (D:14)
  2 wizards (D:14)
  A glowing orange brain (shapeshifter) (D:11)
  3 naga ritualists
  An orc knight (Orc:2)
  A necromancer (D:15)
  A lindwurm (Snake:4)
  2 deep elf zephyrmancers (Orc:2)
  6 mana vipers
  4 orc sorcerers
  2 deep elf pyromancers
  2 fauns (Shoals:2)
  A cyclops (D:13)
  5 oklob plants
  4 manticores
  11 salamanders
  5 guardian serpents
  25 black mambas
  2 centaur zombies (D:15)
  A centaur skeleton (D:15)
  4 cane toads
  2 gargoyles
  11 naga magi
  3 unseen horrors (D:11)
  A kobold demonologist (D:11)
  A freezing wraith (D:15)
  5 komodo dragons
  4 merfolk (Shoals:1)
  A troll (D:11)
  3 wind drakes (Shoals:1)
  A blink frog (shapeshifter) (D:14)
  4 blink frogs
  A snapping turtle (Shoals:1)
  2 dream sheep
  2 shadows (D:10)
  3 slime creatures (D:14)
  7 water elementals
  A wraith (D:11)
  2 wyverns
  25 yaks
  A basilisk (Lair:2)
  2 steam dragons
  A vampire mosquito (D:13)
  A warg (Orc:2)
  Menkaure (D:7)
  18 nagas
  4 water moccasins
  Duvessa (D:5)
  3 hell hounds (Lair:5)
  An ice beast (D:7)
  2 black bears (D:10)
  10 orc warriors
  10 wolves
  2 ogres
  2 centaurs
  4 bullfrogs
  4 gnoll sergeants
  2 wights (D:9)
  Dowan (D:5)
  14 killer bees
  A howler monkey (D:11)
  4 electric eels
  A jelly (D:4)
  4 lava snakes (Lair:5)
  10 orc priests
  3 hounds
  An iguana (D:6)
  8 orc wizards
  3 mummies (Ossuary)
  7 gnolls
  An adder (D:5)
  An adder zombie (D:3)
  38 orcs
  A ball python (D:4)
  An endoplasm (D:3)
  A giant cockroach (D:3)
  2 goblins
  A kobold (D:11)
  2 bats
  A frilled lizard (D:3)
  A kobold skeleton (Ossuary)
  An orc skeleton (Ossuary)
  2 rat skeletons (Ossuary)
  3 butterflies (Lair:1)
390 creatures vanquished.

Vanquished Creatures (others)
  A wizard (D:12)
  45 battlemagi
  32 fungi
  126 plants
  6 toadstools (D:6)
210 creatures vanquished.

Grand Total: 1293 creatures vanquished

Notes
Turn   | Place    | Note
-------+----------+-------------------------------------------
     0 | D:1      | Hubris850 the Draconian Ice Elementalist began the quest
                  | for the Orb.
     0 | D:1      | Reached XP level 1. HP: 14/14 MP: 3/3
   296 | D:1      | Reached XP level 2. HP: 20/20 MP: 5/5
  1078 | D:2      | Reached XP level 3. HP: 19/26 MP: 4/6
  1121 | D:1      | Learned a level 3 spell: Frozen Ramparts
  1619 | D:2      | Found a faded altar of an unknown god.
  1631 | D:2      | Prayed at the altar of an unknown god.
  1631 | D:2      | Became a worshipper of Hepliaklqana the Forgotten
  1631 | D:2      | Reached * piety under Hepliaklqana
  2012 | D:3      | Reached XP level 4. HP: 29/29 MP: 8/8
  2283 | D:3      | Found a basalt altar of Yredelemnul.
  2437 | D:3      | Identified the +9 trident of Megalomania {venom, rC+}
  2437 | D:3      | Noticed a gnoll sergeant
  2451 | D:3      | Noticed Valagong's ghost (weakling MiFi)
  2501 | D:3      | Reached ** piety under Hepliaklqana
  2502 | D:3      | Remembered your ancestor Ozymandius as a battlemage
  2589 | D:3      | Found a transporter.
  2595 | D:3      | Found a transporter.
  2777 | D:3      | Found a faded altar of an unknown god.
  2780 | D:3      | Found a shadowy altar of Dithmenos.
  3057 | D:4      | Reached XP level 5. HP: 32/34 MP: 9/9
  3061 | D:4      | Reached skill level 5 in Ice Magic
  3070 | D:4      | Learned a level 3 spell: Ozocubu's Armour
  3517 | D:4      | Learned a level 4 spell: Summon Ice Beast
  3569 | D:5      | Entered Level 5 of the Dungeon
  3596 | D:5      | Reached skill level 1 in Summonings
  3596 | D:5      | Reached XP level 6. HP: 40/40 MP: 2/11
  3681 | D:5      | Identified the +11 spear of False Accusations {flame, rN+
                  | rCorr}
  3723 | D:5      | Found a sparkling altar of Nemelex Xobeh.
  3736 | D:5      | Noticed an ice beast
  3740 | D:5      | Killed an ice beast
  3806 | D:5      | Reached skill level 1 in Polearms
  3819 | D:5      | Found an ancient bone altar of Kikubaaqudgha.
  3865 | D:5      | Noticed Duvessa
  3866 | D:5      | Noticed Dowan
  3877 | D:5      | Killed Duvessa
  3878 | D:5      | Your scales start taking on a dull iron-grey colour.
  3878 | D:5      | Reached XP level 7. HP: 45/45 MP: 6/13
  3885 | D:5      | Killed Dowan
  3886 | D:5      | Reached skill level 2 in Polearms
  3988 | D:5      | Gained mutation: Your body sometimes deteriorates upon
                  | taking damage. [potion of mutation]
  3988 | D:5      | Gained mutation: Your tail ends in a venomous barb. [potion
                  | of mutation]
  4005 | D:5      | Found a sand-covered staircase.
  4025 | D:5      | Reached *** piety under Hepliaklqana
  4027 | Ossuary  | Entered an ossuary
  4240 | Ossuary  | Reached skill level 3 in Polearms
  4385 | D:5      | Reached XP level 8. HP: 51/51 MP: 15/15
  4418 | D:5      | Reached skill level 5 in Spellcasting
  4425 | D:5      | Reached skill level 4 in Polearms
  4645 | D:5      | Found a runed translucent door.
  4646 | D:5      | Noticed Crazy Yiuf
  4653 | D:5      | Killed Crazy Yiuf
  4801 | D:5      | Found a burning altar of Makhleb.
  5242 | D:6      | Found an iron altar of Okawaru.
  5271 | D:6      | Found a staircase to the Ecumenical Temple.
  5320 | D:6      | Reached **** piety under Hepliaklqana
  5706 | D:7      | Reached XP level 9. HP: 55/55 MP: 17/17
  5787 | D:7      | Reached skill level 5 in Polearms
  5970 | D:7      | Noticed Menkaure
  5974 | D:7      | Killed Menkaure
  6097 | D:7      | Reached skill level 6 in Polearms
  6097 | D:7      | Reached skill level 5 in Dodging
  6194 | D:8      | Noticed a two-headed ogre
  6194 | D:8      | Found a hazy altar of Hepliaklqana.
  6197 | D:8      | Killed a two-headed ogre
  6267 | D:8      | Reached skill level 7 in Polearms
  6342 | D:8      | Reached ***** piety under Hepliaklqana
  6562 | D:8      | Identified the +0 short sword of Wu Jian's Supremacy
                  | {drain, Drain Str+3 Dex+8}
  6667 | D:8      | Reached skill level 1 in Evocations
  6712 | D:8      | Reached XP level 10. HP: 62/62 MP: 18/18
  6946 | D:8      | Noticed Gastronok
  6967 | D:8      | Killed Gastronok
  7138 | D:9      | Noticed a two-headed ogre
  7145 | D:9      | Killed a two-headed ogre
  7146 | D:9      | Reached skill level 8 in Polearms
  7355 | D:9      | Found a transporter.
  7374 | D:9      | Found a transporter.
  7393 | D:9      | Found a transporter.
  7442 | D:9      | Found a transporter.
  7597 | D:9      | Paralysed by something for 2 turns
  7604 | D:9      | Killed Psyche
  7605 | D:9      | Reached skill level 9 in Polearms
  7605 | D:9      | Reached skill level 1 in Invocations
  7605 | D:9      | Reached skill level 5 in Evocations
  8121 | D:3      | Killed Valagong's ghost
  8727 | D:10     | Entered Level 10 of the Dungeon
  8846 | D:10     | Reached XP level 11. HP: 66/66 MP: 16/19
  8848 | D:10     | Found a staircase to the Lair.
  9085 | D:10     | Noticed a two-headed ogre
  9098 | D:10     | Killed a two-headed ogre
  9099 | D:10     | Reached skill level 10 in Polearms
  9371 | D:10     | Noticed a two-headed ogre
  9379 | D:10     | Killed a two-headed ogre
  9380 | D:10     | Reached skill level 5 in Invocations
  9792 | Lair:1   | Entered Level 1 of the Lair of Beasts
  9957 | Lair:1   | Reached skill level 11 in Polearms
 10244 | Lair:1   | Reached ****** piety under Hepliaklqana
 10309 | Lair:1   | Reached XP level 12. HP: 72/72 MP: 14/20
 10790 | Lair:2   | Reached skill level 12 in Polearms
 10866 | Lair:2   | Reached skill level 10 in Invocations
 10926 | Lair:2   | Learned a level 3 spell: Call Canine Familiar
 11283 | Lair:2   | Noticed a six-headed hydra
 11295 | Lair:2   | Killed a six-headed hydra
 11332 | Lair:2   | Found a staircase to the Shoals.
 11889 | Lair:3   | Found a staircase to the Snake Pit.
 11940 | Lair:3   | Reached skill level 1 in Fighting
 12877 | Lair:4   | Reached skill level 5 in Fighting
 13016 | Lair:4   | Reached skill level 1 in Translocations
 13022 | Lair:4   | Reached skill level 1 in Earth Magic
 13210 | Lair:4   | Reached skill level 5 in Summonings
 13346 | Lair:4   | Noticed a catoblepas
 13355 | Lair:4   | Killed a catoblepas
 13356 | Lair:4   | Reached XP level 13. HP: 78/91 MP: 22/22
 13745 | Lair:4   | Noticed Sonja
 13753 | Lair:4   | Killed Sonja
 14043 | Lair:5   | Entered Level 5 of the Lair of Beasts
 14075 | Lair:5   | Identified the +6 war axe of Gemuhog {holy, rCorr SInv}
 14159 | Lair:5   | Learned a level 4 spell: Leda's Liquefaction
 14212 | Lair:5   | Reached skill level 5 in Earth Magic
 15540 | Lair:5   | Reached XP level 14. HP: 99/99 MP: 24/24
 15577 | Lair:5   | Found a large runed translucent door.
 15615 | Lair:5   | Found a large runed translucent door.
 15894 | Lair:5   | Learned a level 5 spell: Lee's Rapid Deconstruction
 15927 | Lair:5   | Found a staircase to the Slime Pits.
 15935 | Lair:5   | Found a viscous altar of Jiyva.
 16800 | D:11     | Reached skill level 10 in Earth Magic
 17097 | D:11     | Reached skill level 1 in Shields
 17180 | D:11     | Found a hide-covered altar of Uskayaw.
 17205 | D:11     | Identified the +9 trident "Peharphu" {heavy, Drain Int+5}
 18042 | D:11     | Reached skill level 5 in Shields
 18473 | D:12     | Found a staircase to the Orcish Mines.
 18670 | D:12     | Identified the +5 mace of Truncation {flame, rN+}
 19202 | D:12     | Identified the +3 ring mail of Imperfection {Str+7}
 19619 | Orc:1    | Entered Level 1 of the Orcish Mines
 19714 | Orc:1    | Paralysed by an orc sorcerer for 2 turns
 19830 | Orc:1    | Noticed an orc warlord
 19866 | Orc:1    | Killed an orc warlord
 20027 | Orc:2    | Entered Level 2 of the Orcish Mines
 20053 | Orc:1    | Found a transporter.
 20057 | Orc:1    | Gained mutation: You do not regenerate when monsters are
                  | visible. [a neqoxec]
 20171 | Orc:1    | Found a transporter.
 20174 | Orc:1    | Noticed Tausiryd's ghost (journeyman DsMo)
 20174 | Orc:1    | Identified the +5 great mace of the Supporting Gods {venom,
                  | *Slow rElec rCorr}
 20401 | D:12     | Lost mutation: You do not regenerate when monsters are
                  | visible. [potion of mutation]
 20401 | D:12     | Lost mutation: Your tail ends in a venomous barb. [potion
                  | of mutation]
 20401 | D:12     | Lost mutation: Your body sometimes deteriorates upon taking
                  | damage. [potion of mutation]
 20401 | D:12     | Gained mutation: Your body sometimes deteriorates upon
                  | taking damage. [potion of mutation]
 20401 | D:12     | Gained mutation: You have sharp toenails. [potion of
                  | mutation]
 20401 | D:12     | Gained mutation: Your large and strong wings let you fly.
                  | [potion of mutation]
 20464 | Orc:1    | Reached XP level 15. HP: 94/108 MP: 15/28
 20469 | Orc:1    | Killed Tausiryd's ghost
 20569 | Orc:2    | Found Yzantiq's Magic Scroll Emporium.
 20885 | Orc:2    | Found Anuro's Antique Armour Shop.
 20904 | Orc:2    | Found Riott's Magic Scroll Shop.
 20910 | Orc:2    | Found Buhafahar's Antique Armour Emporium.
 20933 | Orc:2    | Bought a scroll of vulnerability for 60 gold pieces
 20941 | Orc:2    | Bought a shiny buckler for 180 gold pieces
 20941 | Orc:2    | Bought a glowing cloak for 180 gold pieces
 21141 | Orc:2    | Found a staircase to the Elven Halls.
 21180 | Orc:2    | Reached skill level 10 in Fighting
 21846 | Snake:1  | Entered Level 1 of the Snake Pit
 21849 | Snake:1  | Found a transporter.
 21855 | Snake:1  | Noticed epsilonplus's ghost (journeyman TeHu)
 21924 | Snake:1  | Reached skill level 10 in Dodging
 22134 | Snake:1  | Reached skill level 1 in Transmutations
 22276 | Snake:1  | Found a transporter.
 22307 | Snake:1  | Noticed Aizul
 22331 | Snake:1  | Killed Aizul
 22438 | Snake:1  | Found Attautux's Jewellery Boutique.
 22653 | Snake:2  | Noticed a nagaraja
 22673 | Snake:2  | Reached skill level 5 in Transmutations
 22859 | Snake:1  | Killed epsilonplus's ghost
 22922 | Snake:1  | Identified the +1 hat of Qazlal's Inspiration {+Inv Regen+
                  | Int-2}
 22977 | Snake:2  | Reached skill level 1 in Throwing
 23058 | Snake:2  | Reached XP level 16. HP: 122/122 MP: 21/29
 23066 | Snake:2  | Learned a level 6 spell: Summon Cactus Giant
 23073 | Snake:2  | Learned a level 6 spell: Statue Form
 23378 | Snake:2  | Reached skill level 5 in Throwing
 23432 | Snake:2  | Noticed Vashnia
 23516 | Snake:2  | Killed Vashnia
 24005 | Snake:2  | Found a transporter.
 24474 | Snake:2  | Found a shimmering blue altar of Sif Muna.
 24542 | Snake:2  | Upgraded the game from 0.30-a0-737-gf23d94013f to
                  | 0.30-a0-738-g116ff8c4af
 24666 | Snake:3  | Reached skill level 13 in Polearms
 24917 | Snake:3  | Reached skill level 10 in Throwing
 25073 | Snake:3  | Found a runed translucent door.
 25073 | Snake:3  | Noticed Sopaerr's ghost (journeyman MiBe)
 25418 | Snake:3  | Reached skill level 14 in Polearms
 25755 | Snake:3  | HP: 3/122 [naga warrior/+0 halberd (35)]
 25975 | Snake:3  | Killed Sopaerr's ghost
 26040 | Snake:4  | Entered Level 4 of the Snake Pit
 26070 | Snake:4  | Found a transporter.
 26073 | Snake:4  | Noticed wormed's ghost (adept DsFE)
 26159 | Snake:4  | Noticed Roxanne
 26240 | Snake:4  | Reached XP level 17. HP: 93/126 MP: 30/30
 26254 | Snake:4  | Identified the +1 quarterstaff of Conservatism {drain,
                  | Int+2}
 26455 | Snake:4  | Reached skill level 10 in Summonings
 26478 | Snake:4  | HP: 2/126 [anaconda (11)]
 26484 | Snake:4  | HP: 1/126 [mana viper[a naga ritualist] (13)]
 26491 | Snake:4  | HP: 6/126 [guardian serpent (13)]
 26637 | Snake:4  | Reached skill level 10 in Spellcasting
 26918 | Snake:4  | Got a serpentine rune of Zot
 27374 | Snake:4  | Found a transporter.
 28150 | D:13     | Found a gate to the Vaults.
 29518 | D:15     | Entered Level 15 of the Dungeon
 29694 | D:15     | Found a frozen archway.
 29896 | D:15     | Paralysed by something for 4 turns
 29922 | D:15     | Reached XP level 18. HP: 121/136 MP: 32/32
 30202 | D:15     | Found a staircase to the Depths.
 31038 | Shoals:1 | Entered Level 1 of the Shoals
 31062 | Shoals:1 | You are sucked into a shaft and drop 1 floor!
 31854 | Shoals:2 | Noticed Polyphemus
 31871 | Shoals:2 | Slain by Polyphemus

Illustrated notes

Levels and vault maps discovered:
D:1:      roderic_crop_circles_arrival_large, layout_loops_ring,
          minmay_tetromino_o2
D:2:      layout_basic, basic_ecumenical_altar
D:3:      layout_basic, nicolae_overflow_ecumenical_swirl,
          lemuel_zombie_altar_yredelemnul, gammafunk_ghost_gnarly_gnolls,
          kennysheep_generic_room_10
D:4:      layout_basic, kennysheep_small_square
D:5:      layout_basic, kennysheep_mini, mainiacjoe_overflow_tiny_flanked,
          kiku_gazebo_pond_becter, lightli_ossuary_entry_decrepit_ruins,
          nicolae_elevator_lobby_asterisk, uniq_crazy_yiuf_cottage, uniq_duvessa
D:6:      layout_loops_ring, nicolae_overflow_hidden_temple,
          minmay_temple_entry_antechambers, serial_glass, glass_columns_a,
          glass_columns_a, minmay_gold_behind_fungi
D:7:      layout_gridville, uniq_menkaure
D:8:      layout_gridville, mainiacjoe_overflow_cross_hatched, st_stairs_14,
          kennysheep_generic_room_16, uniq_gastronok
D:9:      layout_rooms, nicolae_transporter_intersection, uniq_psyche
D:10:     layout_stronghold, due_lair_maze_entry_diamond,
          minmay_chambers_of_fives
D:11:     hangedman_what_comes_after_a, layout_basic, serial_bayou,
          serial_bayou_shore_b, serial_bayou_pond_c, serial_bayou_lagoon_a,
          serial_bayou_lake_a, eat_drink_and_be_merry_uskayaw
D:12:     layout_rooms, erik_orc_4, minmay_checkered_concentric_circles
D:13:     layout_loops_ring, lightli_vaults_fourway_checkpoint
D:14:     layout_cave_pools, serial_bayou, serial_bayou_shore_a,
          serial_bayou_ford_a, serial_bayou_pond_c, serial_bayou_pond_c
D:15:     grunt_enter_depths_magical_seal, layout_stronghold,
          portal_ice_cave_entry_frozen_things, chequers_big_river
Lair:1:   layout_gridlike, minivault_25, roderic_batcave,
          minmay_stone_trees_medium, lemuel_fruit_fields
Lair:2:   layout_chaotic_city, shoals_dummy_entry, infiniplex_staircase_pool_2
Lair:3:   layout_chaotic_city, guppyfry_snake_entry_island, minmay_hedge_maze,
          nicolae_quartered_pool_little
Lair:4:   layout_cave_pods, uniq_sonja
Lair:5:   cheibrodos_lair_end_hotspot, layout_hall_layers,
          nicolae_slime_entry_field_trip, small_statue_intersection,
          serial_bayou_pond_d, serial_bayou_pond_b
Shoals:1: layout_shoals
Shoals:2: layout_shoals, uniq_polyphemus
Snake:1:  hangedman_cross_stitches, layout_misc_corridors,
          gammafunk_ghost_arena, serial_shops, nicolae_shop_waterfront,
          lemuel_fruit_tree, uniq_aizul
Snake:2:  gammafunk_sealed_library, layout_chambers, st_stairs_4,
          serial_bayou_shore_b, grunt_megastairs_1, uniq_vashnia
Snake:3:  layout_misc_corridors, hellmonk_ghost_happy_afterlife
Snake:4:  snake_pit_salamanders_mu, layout_misc_corridors,
          gammafunk_ghost_berserking_beasts, uniq_roxanne
Orc:1:    layout_diamond_mine, gammafunk_ghost_smash, mines3_lemuel
Orc:2:    st_orc_elflike, layout_caves, elves_outpost_lemuel

Skill      XL: |  1  2  3  4  5  6  7  8  9 10 11 12 13 14 15 16 17 18 |
---------------+-------------------------------------------------------+-----
Stealth        | 2 4 |  4.0
Dodging        | 2 3 6 7 8 10 11 | 11.7
Spellcasting   | 3 4 5 6 7 9 10 | 10.4
Ice Magic      | 5 6 7 |  7.2
Summonings     | 1 2 3 4 5 9 10 | 10.7
Polearms       | 1 3 4 7 9 11 12 14 | 14.0
Evocations     | 1 5 |  5.0
Invocations    | 3 8 12 | 12.0
Fighting       | 6 8 10 11 12 | 12.7
Translocations | 2 3 |  3.0
Earth Magic    | 2 9 10 12 | 12.1
Shields        | 6 7 8 |  8.9
Transmutations | 7 8 |  8.9
Throwing       | 1 10 | 10.0

Action                     |  1- 3 |  4- 6 |  7- 9 | 10-12 | 13-15 | 16-18 || total
---------------------------+-------+-------+-------+-------+-------+-------++-------
  Melee: Short sword       |    63 |       |       |       |       |       ||    63
         Tailslap          |    16 |     9 |    11 |    60 |   164 |   151 ||   411
         Club              |     5 |       |       |       |       |       ||     5
         Unarmed           |     3 |       |       |       |       |       ||     3
         Dagger            |    33 |    68 |       |       |       |       ||   101
         Punch             |     1 |     2 |       |     6 |     3 |       ||    12
         Spear             |       |    12 |   135 |   569 |  1230 |   113 ||  2059
         Trident           |       |       |       |       |       |   905 ||   905
         Kick              |       |       |       |       |       |    33 ||    33
  Throw: Boomerang         |       |       |       |       |       |    15 ||    15
   Cast: Freeze            |    31 |       |       |       |       |       ||    31
         Frozen Ramparts   |     2 |     4 |     6 |     7 |    30 |     9 ||    58
         Ozocubu's Armour  |       |     2 |     5 |     6 |    27 |     4 ||    44
         Summon Ice Beast  |       |       |       |     3 |    22 |    13 ||    38
         Call Canine Famil |       |       |       |       |    20 |    12 ||    32
         Leda's Liquefacti |       |       |       |       |     2 |       ||     2
         Lee's Rapid Decon |       |       |       |       |     7 |    29 ||    36
         Summon Cactus Gia |       |       |       |       |       |    16 ||    16
         Statue Form       |       |       |       |       |       |     7 ||     7
 Invoke: Ancestor Identity |     1 |       |       |       |       |       ||     1
         Ancestor Life: Ba |       |     1 |       |       |       |       ||     1
         Recall Ancestor   |       |       |     1 |       |     1 |     2 ||     4
         Idealise          |       |       |       |       |     3 |     1 ||     4
  Evoke: Wand              |       |       |       |       |     1 |       ||     1
    Use: Scroll            |       |       |     6 |    11 |    11 |    12 ||    40
         Potion            |       |       |     1 |     6 |     6 |     7 ||    20
   Stab: Sleeping          |     8 |     1 |     4 |     9 |     6 |    10 ||    38
         Distracted        |       |     2 |       |     7 |    14 |    14 ||    37
 Armour: Skin              |    32 |    15 |     8 |    75 |   220 |   374 ||   724
  Dodge: Dodged            |    84 |    59 |    52 |   285 |   725 |   770 ||  1975
  Block: Buckler           |       |       |       |       |   108 |   241 ||   349
         Kite shield       |       |       |       |       |       |   168 ||   168

Table legend: (Time is in decaauts)
 A = Elapsed time spent in this place.
 B = Non-inter-level travel time spent in this place.
 C = Inter-level travel time spent in this place.
 D = Time resting spent in this place.
 E = Time spent auto-exploring this place.
 F = Levels seen in this place.
 G = Mean time per level.
                   A        B        C        D        E       F      G
               +--------+--------+--------+--------+--------+-----+--------+
         Total |  31326 |  28319 |   3007 |   3184 |  17213 |  29 | 1080.2 |
       Dungeon |  15556 |  13570 |   1986 |    964 |   9523 |  15 | 1037.1 |
          Lair |   7007 |   6540 |    467 |    907 |   4514 |   5 | 1401.4 |
        Shoals |    836 |    817 |     19 |     41 |    397 |   2 |  418.0 |
     Snake Pit |   5810 |   5471 |    339 |   1088 |   1953 |   4 | 1452.5 |
  Orcish Mines |   1824 |   1630 |    194 |    184 |    790 |   2 |  912.0 |
       Ossuary |    290 |    290 |      0 |      0 |     36 |   1 |  290.0 |
               +--------+--------+--------+--------+--------+-----+--------+

Top non-repeatable levels by time:
  Lair:5: 2545 daAuts
 Snake:2: 2147 daAuts
 Snake:4: 1835 daAuts
    D:11: 1714 daAuts
    D:15: 1423 daAuts
    D:10: 1303 daAuts
     D:3: 1277 daAuts
  Lair:3: 1253 daAuts
  Lair:4: 1234 daAuts
    D:12: 1233 daAuts
     D:5: 1129 daAuts
     D:1: 1070 daAuts
  Lair:1: 1044 daAuts
     D:8: 1014 daAuts
   Orc:1: 962 daAuts
